 Dungeon Crawl Stone Soup version 0.28.0-53-g5a82cb258f (webtiles) character file.

Game seed: 5370842720938753794

157 101zpm the Magician (level 5, -15/35 HPs)
             Began as a Djinni Fire Elementalist on May 23, 2022.
             Demolished by Duvessa
             ... wielding a +0 short sword
              (16 damage)
             ... on level 4 of the Dungeon.
             The game lasted 00:02:55 (3214 turns).

101zpm the Magician (Djinni Fire Elementalist)      Turns: 3214, Time: 00:02:56

Health: -15/35     AC:  2    Str:  7    XL:     5   Next: 66%
Gold:   68         EV: 12    Int: 18    God:
                   SH:  0    Dex: 14

rFire   + + .      SeeInvis .   (no weapon)
rCold   x . .      Faith    .   (no shield)
rNeg    . . .      Spirit   .   a - +0 robe
rPois   ∞          Reflect  .   (no helmet)
rElec   .          Harm     .   (no cloak)
rCorr   .          Rampage  .   (no gloves)
Will    .....                   (boots unavailable)
Stlth   ++........              (no amulet)
HPRegen 0.11/turn               (no ring)
MPRegen 0.00/turn               (no ring)

@: flying
A: sickness immunity, fire resistance 2, cold vulnerability 1, float, innate
caster, HP casting, extra vitality 1
a: no special abilities


You were on level 4 of the Dungeon.
You visited 1 branch of the dungeon, and saw 4 of its levels.

You collected 68 gold pieces.

Inventory:

Armour
 a - a +0 robe (worn)
Jewellery
 c - a ring of resist corrosion
 d - a +6 ring of intelligence
Scrolls
 f - 2 scrolls of teleportation {unknown}
 g - a scroll of identify {unknown}
 h - a scroll of fog {unknown}
 j - a scroll of noise {unknown}
 k - a scroll of fear {unknown}
 m - a scroll of magic mapping {unknown}
Potions
 b - 2 potions of magic {unknown}
 e - a potion of flight {unknown}
 i - a potion of curing {unknown}
 l - a potion of cancellation {unknown}


   Skills:
 + Level 2.3 Dodging
 + Level 2.0 Stealth
 + Level 4.3 Spellcasting


You couldn't memorise any spells.
You knew the following spells:

 Your Spells              Type           Power      Damage    Failure   Level
a - Foxfire               Conj/Fire      76%        2x1d7     2%          1
b - Scorch                Fire           38%        2d7       3%          2
c - Conjure Flame         Conj/Fire      19%        6-21      7%          3
d - Inner Flame           Hex/Fire       19%        N/A       7%          3
e - Flame Wave            Conj/Fire      19%        2d6       24%         4
f - Sting                 Tmut/Pois      76%        1d6       2%          1
g - Wereblood             Tmut           19%        N/A       3%          2
Your spell library was empty.

Dungeon Overview and Level Annotations

Branches:
Dungeon (4/15)
 Temple: D:4-7

Altars:
Fedhas
Okawaru
Qazlal
Xom

Annotations:
D:4 Duvessa


Innate Abilities, Weirdness & Mutations

You are immune to sickness and miasma.
You are immune to poison.
Your flesh is very heat resistant. (rF++)
You are vulnerable to cold. (rC-)
You float through the air rather than walking.
You learn spells naturally, not from books.
Your magical power is your life essence.
You have superior vitality. (+4 MHP)


Message History

Your foxfire dissipates! x2
Duvessa, Sister of Dowan comes into view.
She is wielding a +0 short sword and wearing a +2 leather armour of cold resistance.
Duvessa is nearby!
You conjure some foxfire!
Duvessa shouts!
Duvessa goes berserk!
You conjure some foxfire!
The foxfire hits Duvessa.
Duvessa is lightly wounded.
Duvessa rages.
You conjure some foxfire!
The foxfire hits Duvessa.
Duvessa is lightly wounded.
The foxfire hits Duvessa.
Duvessa is lightly wounded.
The foxfire hits Duvessa.
Duvessa is lightly wounded.
Casting: Foxfire (safe; 2% risk of failure)
Confirm with . or Enter, or press ? or * to list all spells.
Flames lash Duvessa.
Duvessa is moderately wounded.
Duvessa's fire resistance burns away.
The foxfire hits Duvessa.
Duvessa is moderately wounded.
The foxfire hits Duvessa but does no damage.
Duvessa is moderately wounded.
Duvessa closely misses you.
Casting: Scorch (safe; 3% risk of failure)
Confirm with . or Enter, or press ? or * to list all spells.
Flames lash Duvessa.
Duvessa is moderately wounded.
Duvessa hits you with a +0 short sword.
Casting: Scorch (safe; 3% risk of failure)
Confirm with . or Enter, or press ? or * to list all spells.
You don't know that spell.
Casting: Scorch (safe; 3% risk of failure)
Confirm with . or Enter, or press ? or * to list all spells.
Flames lash Duvessa.
Duvessa is burned terribly!
Duvessa is heavily wounded.
Duvessa hits you with a +0 short sword!
* * * LOW HITPOINT WARNING * * *
Duvessa hits you with a +0 short sword!
You die...

#.:. #... #..)
##... ##... ##...
.####..e#
.......@##
...####..# .## ##.#
....###.# ###
#....§.##### ..#
###........## #.#
#####..#.[#######.#
#....(.....##.##
##.#####.......#


You could see Duvessa (berserk, combustible).

Vanquished Creatures
  Dowan (D:4)
  4 gnolls (D:3)
  3 adders
  2 dart slugs
  A worm (D:3)
  An orc (D:3)
  A ball python (D:2)
  4 endoplasms
  5 hobgoblins
  7 kobolds
  A quokka (D:3)
  2 bats (D:2)
  2 frilled lizards
  A quokka skeleton (D:2)
  4 rats
39 creatures vanquished.

Vanquished Creatures (others)
  241 foxfires
241 creatures vanquished.

Grand Total: 280 creatures vanquished

Notes
Turn   | Place    | Note
-------+----------+-------------------------------------------
     0 | D:1      | 101zpm the Djinni Fire Elementalist began the quest for the
                  | Orb.
     0 | D:1      | Reached XP level 1. HP: 15/15 MP: 0/0
   286 | D:2      | Reached XP level 2. HP: 17/21 MP: 0/0
   455 | D:2      | Found a shimmering altar of Xom.
   927 | D:2      | Reached skill level 3 in Spellcasting
   927 | D:2      | Reached XP level 3. HP: 13/25 MP: 0/0
   927 | D:2      | Learned a level 1 spell: Sting
  1873 | D:3      | Found a faded altar of an unknown god.
  1941 | D:3      | Found a stormy altar of Qazlal.
  2071 | D:3      | Reached XP level 4. HP: 19/31 MP: 0/0
  2381 | D:3      | Found a blossoming altar of Fedhas.
  2545 | D:3      | Found an iron altar of Okawaru.
  3045 | D:4      | Reached skill level 4 in Spellcasting
  3045 | D:4      | Reached XP level 5. HP: 30/35 MP: 0/0
  3045 | D:4      | Learned a level 2 spell: Wereblood
  3198 | D:4      | Noticed Dowan
  3204 | D:4      | Killed Dowan
  3208 | D:4      | Noticed Duvessa
  3214 | D:4      | HP: 1/35 [Duvessa/+0 short sword (17)]
  3214 | D:4      | Demolished by Duvessa

Illustrated notes

Levels and vault maps discovered:
D:1:      tarquinn_simple_flora_water_c, layout_basic,
          ebering_ecumenical_altar_box
D:2:      cheibrodos_helix_gallery, layout_rooms, basic_altar,
          chequers_serial_rivers_room_b, minmay_small_reverse_x
D:3:      layout_loops_ring, mainiacjoe_overflow_six_doors_small,
          general_overflow_altar, nicolae_overflow_ecumenical_swirl
D:4:      layout_rooms, nzn_overflow_gifts_of_might_and_magic, glass_columns_b

Skill      XL: |  1  2  3  4 |
---------------+-------------+-----
Spellcasting   | 3 4 |  4.3
Stealth        | 2 |  2.0
Dodging        | |  2.3

Action                   |  1- 3 |  4- 6 || total
-------------------------+-------+-------++-------
 Cast: Foxfire           |    92 |    58 ||   150
       Scorch            |     5 |     4 ||     9
Armor: Robe              |     1 |       ||     1
Dodge: Dodged            |     1 |     2 ||     3
